 Dungeon Crawl Stone Soup version 0.31-a0-1620-gcbf77bbcfc (webtiles) character file.

Game seed: 6763385926883229461

24899 Newt the Markskobold (level 13, 0/77 HPs)
             Began as a Kobold Hunter on Jan 11, 2024.
             Was an Elder of Hepliaklqana.
             Killed from afar by a catoblepas (10 damage)
             ... with a blast of calcifying dust
             ... on level 1 of the Lair of Beasts.
             The game lasted 00:19:58 (13713 turns).

Newt the Markskobold (Kobold Hunter)               Turns: 13713, Time: 00:19:59

Health: 0/77       AC:  6    Str: 10    XL:     13   Next: 46%
Magic:  12/13      EV: 22    Int: 16    God:    Hepliaklqana [****..]
Gold:   1068       SH:  0    Dex: 22    Spells: 12/12 levels left

rFire   . . .        a - +3 shortbow (flame)
rCold   . . .        (shield currently unavailable)
rNeg    . . .        c - +0 leather armour
rPois   .            P - +0 hat
rElec   .            H - scarf {harm}
rCorr   +            (no gloves)
SInv    .            r - +2 pair of boots
Will    .....        m - amulet of regeneration
Stlth   ++++++       q - ring of resist corrosion
HPRegen 1.12/turn    s - +6 ring of intelligence
MPRegen 0.13/turn

%: harm (+30% outgoing, +20% incoming)
@: no status effects
A: reduced essence, small, no large weapons, nightstalker 3
a: Renounce Religion, Recall Ancestor, Ancestor Identity, Transference, Idealise


You were on level 1 of the Lair of Beasts.
You worshipped Hepliaklqana.
Hepliaklqana was greatly pleased with you.
You visited 2 branches of the dungeon, and saw 15 of its levels.
You also visited: Bailey.

You collected 1346 gold pieces.
You spent 278 gold pieces at shops.

Inventory:

Hand Weapons
 a - a +3 shortbow of flaming (weapon)
Armour
 c - a +0 leather armour (worn)
 e - a +1 pair of boots
 r - a +2 pair of boots (worn)
 x - +2 fire dragon scales
 A - +2 ice dragon scales
 F - a +0 pair of boots
 H - a scarf of harm (worn)
 J - a +2 buckler
 P - a +0 hat (worn)
Jewellery
 i - an amulet of guardian spirit
 m - an amulet of regeneration (around neck)
 q - a ring of resist corrosion (left hand)
 s - a +6 ring of intelligence (right hand)
 C - an amulet of the acrobat
Wands
 w - a wand of charming (3)
 L - a wand of iceblast (6)
 M - a wand of flame (35)
 N - a wand of acid (13)
Scrolls
 b - 2 scrolls of butterflies
 d - 4 scrolls of noise
 f - 4 scrolls of identify
 g - a scroll of fog
 j - 2 scrolls of silence
 k - 2 scrolls of amnesia
 p - 2 scrolls of vulnerability
 y - 2 scrolls of enchant armour
 I - 4 scrolls of teleportation
 O - 2 scrolls of poison
 S - 2 scrolls of immolation
Potions
 h - a potion of enlightenment
 l - 3 potions of ambrosia
 n - 3 potions of degeneration
 o - 4 potions of attraction
 t - a potion of lignification
 u - 4 potions of resistance
 v - 3 potions of mutation
 z - a potion of cancellation
 D - a potion of brilliance
 G - a potion of might
 K - 2 potions of berserk rage
 Q - 2 potions of curing
 R - 2 potions of invisibility
Miscellaneous
 E - a box of beasts


   Skills:
 - Level 12.0 Fighting
 - Level 20.0 Ranged Weapons
 - Level 10.0 Dodging
 - Level 10.0 Stealth
 + Level 0.7 Invocations
 - Level 5.0 Evocations


You had 12 spell levels left.
You didn't know any spells.
Your spell library contained the following spells:

 Spells                   Type           Power      Damage    Failure   Level
 Apportation              Tloc           0%         N/A       34%         1
 Kiss of Death            Conj/Necr      0%         2d5       34%         1
 Necrotise                Necr           0%         1d4       34%         1
 Sting                    Conj/Alch      0%         1d3       34%         1
 Summon Small Mammal      Summ           0%         N/A       34%         1
 Blink                    Tloc           0%         N/A       45%         2
 Cigotuvi's Dreadful Rot  Necr/Alch/Air  0%         N/A       45%         2
 Lesser Beckoning         Tloc           0%         N/A       45%         2
 Mercury Vapours          Alch/Air       0%         N/A       45%         2
 Momentum Strike          Conj/Tloc      0%         3d8       45%         2
 Confusing Touch          Hex            0%         N/A       71%         3
 Dazzling Flash           Conj/Hex       0%         N/A       71%         3
 Mephitic Cloud           Conj/Alch/Air  0%         N/A       71%         3
 Ozocubu's Armour         Ice            0%         N/A       71%         3
 Dispel Undead            Necr           0%         3d6       98%         4
 Ignite Poison            Fire/Alch      0%         N/A       98%         4
 Olgreb's Toxic Radiance  Alch           0%         N/A       98%         4
 Curse of Agony           Necr           0%         N/A       100%        5
 Freezing Cloud           Conj/Ice/Air   0%         6-21      100%        5
 Metabolic Englaciation   Hex/Ice        0%         N/A       100%        5
 Silence                  Hex/Air        0%         N/A       100%        5
 Sculpt Simulacrum        Ice/Alch       0%         N/A       100%        6


Dungeon Overview and Level Annotations

Branches:
Dungeon (14/15)            Temple (0/1) D:6            Lair (1/5) D:8
    Orc (0/2) D:12         Vaults (0/5) D:14         Bailey (visited)

Altars:
Ashenzari
Fedhas
Gozag
Hepliaklqana
Ru
Uskayaw

Shops:
D:3 =   D:7 ?   D:9 *   D:11 [   D:13 *

Annotations:
D:14 Nessos, Rupert
Lair:1 1 runed translucent door, indigowater's ghost, novice MiBe


Innate Abilities, Weirdness & Mutations

Your life essence is reduced to manifest your ancestor. (-10% HP)
You are small and have problems with some larger weapons.
You are completely attuned to the shadows.


Message History

The blast of calcifying dust hits Busisiwe but does no damage.
The catoblepas breathes a plume of calcifying dust at Busisiwe.
The blast of calcifying dust hits Busisiwe but does no damage.
Unknown command.
Fire: a) +3 shortbow (flame)
Press: ? - help, Shift-Dir - straight line, f/p - catoblepas
Aim: a catoblepas (heavily wounded, not watching you, ally target, 93% to hit)
You shoot an arrow.
The arrow hits the catoblepas but does no damage.
The catoblepas is heavily wounded.
Busisiwe hits the catoblepas with a +0 flail.
Fire: a) +3 shortbow (flame)
Press: ? - help, Shift-Dir - straight line, f/p - catoblepas
Aim: a catoblepas (severely wounded, ally target, 93% to hit)
You shoot an arrow. The arrow hits the catoblepas!
The arrow burns the catoblepas.
The catoblepas is almost dead.
The catoblepas breathes a plume of calcifying dust at you.
The blast of calcifying dust hits you!
* * * LOW HITPOINT WARNING * * *
Unknown command.
Fire: a) +3 shortbow (flame)
Press: ? - help, Shift-Dir - straight line, f/p - catoblepas
Aim: a catoblepas (almost dead, ally target, 93% to hit)
You shoot an arrow.
The arrow hits the catoblepas but does no damage.
The catoblepas is almost dead.
Busisiwe barely misses the catoblepas.
Fire: a) +3 shortbow (flame)
Press: ? - help, Shift-Dir - straight line, f/p - catoblepas
Aim: a catoblepas (almost dead, ally target, 93% to hit)
You shoot an arrow. The arrow hits the catoblepas.
The arrow burns the catoblepas.
The catoblepas is almost dead.
The catoblepas breathes a plume of calcifying dust at you.
The blast of calcifying dust hits you.
* * * LOW HITPOINT WARNING * * *
The catoblepas breathes a plume of calcifying dust at you.
The blast of calcifying dust hits you!
You die...

##.........#
#..Y.... ##......#
#..†§... ##.##..#
#.§....
#####.########§Y....
###.#.......§.....
.#######
##........YR§#.....
.#♣[#..##
........§§§.####...
.#8W+...#
#......§§§...# ###
.#♣$#...#
......@§§.....#
.####...#
......§.......#
......###
P..............
.....P#
............#
......# ...........#
....### ....# ...##
..##


There were no monsters in sight!

Vanquished Creatures
  Snorg (D:13)
  Erolcha (D:12)
  Erica (D:8)
  2 centaur warriors (D:13)
  A two-headed ogre (Bailey)
  A deep elf knight (D:13)
  An ugly thing (D:13)
  2 cyclopes
  2 manticores (D:12)
  Jeremiah (D:8)
  2 cane toads (Lair:1)
  2 unseen horrors (D:11)
  A rime drake (Lair:1)
  2 kobold demonologists (D:13)
  A komodo dragon (D:8)
  3 trolls
  6 blink frogs (Lair:1)
  3 slime creatures (D:11)
  4 spriggans (Bailey)
  2 shadows
  Sigmund (D:4)
  22 yaks
  A wyvern (D:10)
  3 wraiths
  7 vampire mosquitoes (D:10)
  Menkaure (D:6)
  A basilisk (D:12)
  2 steam dragons
  Duvessa (D:7)
  2 water moccasins
  2 ice beasts
  A sky beast (D:7)
  3 black bears
  A laughing skull (D:13)
  9 orc warriors
  3 ogres (Bailey)
  5 centaurs
  A phantom (D:6)
  A kobold brigand (D:13)
  5 bullfrogs
  A gnoll sergeant (D:9)
  2 scorpions (D:6)
  Dowan (D:6)
  8 killer bees
  A troll skeleton (D:11)
  A howler monkey (D:6)
  5 spriggan skeletons (D:11)
  A bombardier beetle (D:5)
  3 hounds
  6 jellies
  12 orc priests
  2 sleepcaps
  8 iguanas
  12 orc wizards
  5 mutant beasts (D:7)
  6 adders
  8 gnolls
  2 shadow imps (D:6)
  4 white imps
  2 ufetubi (D:6)
  3 ribbon worms
  2 dart slugs (D:4)
  52 orcs
  A ball python (D:3)
  5 endoplasms
  5 giant cockroaches
  8 goblins
  3 hobgoblins
  3 quokkas
  3 bats
  4 frilled lizards
  9 kobolds
  3 rats
302 creatures vanquished.

Vanquished Creatures (collateral kills)
  A deep elf pyromancer (D:12)
  A cyclops (D:13)
  A freezing wraith (D:11)
  A blink frog (Lair:1)
  A slime creature (D:11)
  A vampire (D:11)
  3 yaks
  A laughing skull (D:13)
  A kobold brigand (D:9)
  A bullfrog (Lair:1)
  4 orc wizards
  3 orcs (D:7)
  A kobold (D:9)
20 creatures vanquished.

Vanquished Creatures (others)
  3 knights
3 creatures vanquished.

Grand Total: 325 creatures vanquished

Notes
Turn   | Place    | Note
-------+----------+-------------------------------------------
     0 | D:1      | Newt the Kobold Hunter began the quest for the Orb.
     0 | D:1      | Reached XP level 1. HP: 12/12 MP: 1/1
   271 | D:1      | Reached XP level 2. HP: 12/18 MP: 2/2
  1083 | D:2      | Reached XP level 3. HP: 23/23 MP: 3/3
  1256 | D:2      | Found a blossoming altar of Fedhas.
  1409 | D:2      | Reached XP level 4. HP: 25/30 MP: 4/4
  1723 | D:3      | Found an opulent altar of Gozag.
  1758 | D:3      | Reached skill level 5 in Fighting
  1860 | D:3      | Found Kujuff's Jewellery Shoppe.
  1934 | D:3      | Reached XP level 5. HP: 35/35 MP: 5/5
  2906 | D:4      | Found a sacrificial altar of Ru.
  2916 | D:4      | Noticed Sigmund
  2928 | D:4      | Killed Sigmund
  2929 | D:4      | Reached skill level 7 in Ranged Weapons
  2929 | D:4      | Reached XP level 6. HP: 37/40 MP: 6/6
  3373 | D:5      | Entered Level 5 of the Dungeon
  3381 | D:5      | Reached skill level 8 in Ranged Weapons
  3448 | D:5      | Found a broken altar of Ashenzari.
  3457 | D:5      | Reached XP level 7. HP: 44/44 MP: 7/7
  3465 | D:5      | Reached skill level 9 in Ranged Weapons
  3605 | D:5      | Reached skill level 10 in Ranged Weapons
  3743 | D:5      | Reached XP level 8. HP: 49/49 MP: 8/8
  4256 | D:6      | Reached skill level 5 in Dodging
  4651 | D:6      | Reached XP level 9. HP: 58/58 MP: 9/9
  4660 | D:6      | Noticed Menkaure
  4677 | D:6      | Your ally Menkaure died
  4694 | D:6      | Reached skill level 11 in Ranged Weapons
  5140 | D:6      | Noticed Dowan
  5141 | D:6      | Noticed Duvessa
  5145 | D:6      | Killed Dowan
  5146 | D:6      | Reached skill level 12 in Ranged Weapons
  5221 | D:7      | Your ally Duvessa died
  5309 | D:7      | Found a flagged portal.
  5328 | Bailey   | Entered a bailey
  5353 | Bailey   | Reached skill level 13 in Ranged Weapons
  5421 | Bailey   | Reached skill level 14 in Ranged Weapons
  5421 | Bailey   | Reached XP level 10. HP: 64/64 MP: 10/10
  5553 | Bailey   | Noticed a two-headed ogre
  5566 | Bailey   | Killed a two-headed ogre
  5567 | Bailey   | Reached skill level 15 in Ranged Weapons
  6150 | D:7      | Found Etef's Magic Scroll Boutique.
  6153 | D:7      | Bought a scroll of identify for 22 gold pieces
  6153 | D:7      | Bought 3 scrolls of identify for 66 gold pieces
  6153 | D:7      | Bought a scroll of enchant weapon for 82 gold pieces
  6289 | D:7      | Found a hide-covered altar of Uskayaw.
  6328 | D:7      | Found a hazy altar of Hepliaklqana.
  6332 | D:7      | Became a worshipper of Hepliaklqana the Forgotten
  6396 | D:7      | Reached skill level 5 in Evocations
  6460 | D:7      | Noticed a juvenile batsting beast
  6469 | D:7      | Killed a juvenile batsting beast
  6742 | D:8      | Reached XP level 11. HP: 59/68 MP: 11/11
  6817 | D:8      | Noticed Erica
  6833 | D:8      | HP: 1/68 [something (7)]
  7030 | D:8      | HP: 1/68 [constriction (3)]
  7032 | D:8      | Killed Erica
  7033 | D:8      | Reached skill level 10 in Dodging
  7382 | D:8      | Noticed Jeremiah
  7407 | D:8      | Killed Jeremiah
  7723 | D:8      | Found a staircase to the Lair.
  7867 | D:8      | Reached skill level 10 in Fighting
  7888 | D:8      | Reached * piety under Hepliaklqana
  8331 | D:6      | Found a staircase to the Ecumenical Temple.
  8781 | D:9      | Found Loreelov's Neck Hole.
  8808 | D:9      | Bought a scarf of harm for 108 gold pieces
  9336 | D:9      | Reached ** piety under Hepliaklqana
  9337 | D:9      | Remembered your ancestor Busisiwe as a knight
  9498 | D:9      | Noticed a cyclops
  9504 | D:9      | Killed a cyclops
 10043 | D:10     | Entered Level 10 of the Dungeon
 10189 | D:10     | Reached XP level 12. HP: 66/72 MP: 12/12
 10457 | D:10     | Reached skill level 16 in Ranged Weapons
 10643 | D:11     | Found Batich's Antique Armour Emporium.
 11006 | D:11     | Reached skill level 17 in Ranged Weapons
 11171 | D:11     | Reached *** piety under Hepliaklqana
 11768 | D:12     | Noticed Erolcha
 11771 | D:12     | Killed Erolcha
 11772 | D:12     | Reached skill level 18 in Ranged Weapons
 12134 | D:12     | Found a staircase to the Orcish Mines.
 12537 | D:12     | Reached skill level 19 in Ranged Weapons
 12649 | D:13     | Noticed a centaur warrior
 12687 | D:13     | Killed a centaur warrior
 12774 | D:13     | Reached XP level 13. HP: 77/77 MP: 13/13
 12868 | D:13     | Reached skill level 20 in Ranged Weapons
 12896 | D:13     | Found Nawneepi's CLEARANCE SALE!.
 12900 | D:13     | Noticed Snorg
 12908 | D:13     | Killed Snorg
 12909 | D:13     | Reached skill level 5 in Stealth
 12961 | D:13     | Noticed a centaur warrior
 12966 | D:13     | Killed a centaur warrior
 13064 | D:13     | Reached **** piety under Hepliaklqana
 13217 | D:14     | Noticed Rupert
 13217 | D:14     | Noticed Nessos
 13217 | D:14     | Noticed a fire dragon
 13217 | D:14     | Found a gate to the Vaults.
 13357 | Lair:1   | Entered Level 1 of the Lair of Beasts
 13454 | Lair:1   | Noticed a catoblepas
 13569 | Lair:1   | Found a runed translucent door.
 13569 | Lair:1   | Noticed indigowater's ghost (novice MiBe)
 13685 | Lair:1   | Reached skill level 10 in Stealth
 13713 | Lair:1   | Killed from afar by a catoblepas

Illustrated notes

Levels and vault maps discovered:
D:1:      matt_arrival_debris, layout_rooms, serial_forest,
          infiniplex_forest_corner_1, infiniplex_forest_clump_medium,
          infiniplex_forest_clump_tiny, infiniplex_forest_lined_2,
          infiniplex_forest_straight_5, infiniplex_forest_lined_3,
          infiniplex_forest_zigzag_1, nicolae_titane
D:2:      layout_rooms, basic_altar, minmay_hexomino_c4
D:3:      minmay_inner_zag, layout_basic, mainiacjoe_overflow_small_starburst,
          serial_shops, nicolae_shop_gaudy_bauble
D:4:      layout_basic, nicolae_ru_sacrificial_ziggurat,
          chequers_serial_rivers_micro_b, lightli_corner_chamber, uniq_sigmund
D:5:      layout_loops_ring, ashenzari_altar_1
D:6:      minmay_polygon_palace, layout_basic, minmay_temple_entry_antechambers,
          uniq_duvessa, uniq_menkaure
D:7:      layout_basic, mainiacjoe_overflow_two_lobes, serial_shops,
          kennysheep_mini_moat, enter_bailey_6, nicolae_beast_mode
D:8:      layout_basic, david_lair_shrubbed, uniq_jeremiah, uniq_erica
D:9:      layout_basic, nicolae_shop_sticking_my_neck_out
D:10:     layout_cave_pools, nicolae_the_louvre
D:11:     layout_cave_pods, serial_shops, nicolae_shop_overgrown_old_shop,
          hangedman_tell_no_tales
D:12:     layout_loops_ring, david_orc_5, uniq_erolcha
D:13:     layout_cave_pools, columned_hall_lemuel, nicolae_shop_clearance,
          uniq_snorg
D:14:     layout_cave_pools, david_vaults_3, grunt_decor_resistance
Lair:1:   layout_cave_pods, gammafunk_ghost_grave, uniq_nergalle

Skill      XL: |  1  2  3  4  5  6  7  8  9 10 11 12 13 |
---------------+----------------------------------------+-----
Fighting       | 3 4 5 7 8 12 | 12.0
Ranged Weapons | 7 8 10 14 15 19 20 | 20.0
Dodging        | 4 6 9 10 | 10.0
Evocations     | 5 |  5.0
Stealth        | 10 | 10.0
Invocations    | |  0.7

Action                     |  1- 3 |  4- 6 |  7- 9 | 10-12 | 13-15 || total
---------------------------+-------+-------+-------+-------+-------++-------
   Fire: Shortbow          |    87 |    72 |   315 |   630 |    99 ||  1203
 Invoke: Ancestor Life: Kn |       |       |       |     1 |       ||     1
         Recall Ancestor   |       |       |       |       |     2 ||     2
  Evoke: Wand              |       |       |    12 |     2 |       ||    14
         Box of beasts     |       |       |       |     1 |       ||     1
    Use: Scroll            |     9 |     6 |     4 |    14 |     2 ||    35
         Potion            |       |       |     8 |     3 |     1 ||    12
 Armour: Leather armour    |    17 |     9 |    85 |    97 |    39 ||   247
  Dodge: Dodged            |    27 |    11 |   142 |   159 |    29 ||   368

Table legend: (Time is in decaauts)
 A = Elapsed time spent in this place.
 B = Non-inter-level travel time spent in this place.
 C = Inter-level travel time spent in this place.
 D = Time resting spent in this place.
 E = Time spent auto-exploring this place.
 F = Levels seen in this place.
 G = Mean time per level.
                   A        B        C        D        E       F      G
               +--------+--------+--------+--------+--------+-----+--------+
         Total |  13549 |  12877 |    672 |   1374 |   9516 |  16 |  846.8 |
       Dungeon |  12775 |  12103 |    672 |   1150 |   9175 |  14 |  912.5 |
          Lair |    342 |    342 |      0 |     33 |    219 |   1 |  342.0 |
        Bailey |    430 |    430 |      0 |    191 |    122 |   1 |  430.0 |
               +--------+--------+--------+--------+--------+-----+--------+

Top non-repeatable levels by time:
     D:8: 1607 daAuts
     D:6: 1385 daAuts
     D:9: 1244 daAuts
     D:7: 1129 daAuts
    D:11: 1128 daAuts
     D:3: 1052 daAuts
     D:1: 984 daAuts
    D:12: 837 daAuts
     D:5: 828 daAuts
     D:4: 684 daAuts
     D:2: 675 daAuts
    D:13: 622 daAuts
    D:10: 595 daAuts
  Bailey: 430 daAuts
  Lair:1: 342 daAuts
